Cogmind - Beta 12 @@@ ROGUE MODE // 2023.10.10 @ 23:18:57 Player: Figgis Result: Destroyed by S-10 Pest with Light Assault Rifle Performance ------------- Evolutions (0) 0 Regions Visited (2) 400 Robots Destroyed (24) 120 Value Destroyed (626) 626 Prototype IDs (0) 0 Alien Tech Used (0) 0 Bonus (0) 0 TOTAL SCORE: 1146 Bonus ------- None Cogmind --------- Core Integrity 0/250 Matter 189/300 Energy 120/125 System Corruption 0% Temperature Cool (0) Movement Walking (190) Ox1 Location -10/Mines Parts ------- > --- POWER (1) -------- Light Ion Engine > --- PROPULSION (2) --- Aluminum Leg Aluminum Leg > --- UTILITY (2) ------ Large Storage Unit Advanced Targeting Computer > --- WEAPON (2) ------- Light Cannon Assault Cannon > --- INVENTORY (15) --- Ion Engine Ion Engine Light Nuclear Core Aluminum Leg Aluminum Leg Aluminum Leg Aluminum Leg Aluminum Leg Aluminum Leg Improved Heat Sink Huge Storage Unit EM Pulse Gun EM Pulse Gun Assault Rifle Light Cannon Peak State ------------ > --- POWER ------------ Light Ion Engine > --- PROPULSION ------- Aluminum Leg Aluminum Leg > --- UTILITY ---------- Large Storage Unit Improved Signal Interpreter > --- WEAPON ----------- Light Cannon Assault Cannon > --- INVENTORY -------- Ion Engine Ion Engine Light Nuclear Core Aluminum Leg Aluminum Leg Aluminum Leg Aluminum Leg Aluminum Leg Improved Heat Sink Huge Storage Unit Advanced Targeting Computer EM Pulse Gun EM Pulse Gun Assault Rifle Light Cannon [Rating: 13] Favorites ----------- Power Light Ion Engine Engine Light Ion Engine Propulsion Aluminum Leg Leg Aluminum Leg Utility Large Storage Unit Storage Large Storage Unit Processor Advanced Targeting Computer Protection Light Armor Plating Weapon Assault Rifle Energy Gun EM Pulse Gun Ballistic Gun Assault Rifle Ballistic Cannon Light Cannon Build | -11 -10 -10 ------- Run | Jun Mat Min Slots Evolved . | . . . Power . | . . . Propulsion . | . . . Utility . | . . . Weapon . | . . . Parts Attached 24 | 6 13 5 Power 3 | 1 2 . Engine 3 | 1 2 . Core . | . . . Reactor . | . . . Propulsion 7 | 2 3 2 Treads . | . . . Leg 7 | 2 3 2 Wheel . | . . . Hover . | . . . Flight . | . . . Utility 7 | 1 4 2 Device . | . . . Storage 4 | 1 3 . Processor 2 | . . 2 Hackware . | . . . Protection 1 | . 1 . Artifact . | . . . Weapon 7 | 2 4 1 Energy Gun 1 | 1 . . Energy Cannon . | . . . Ballistic Gun 3 | 1 2 . Ballistic Cannon 3 | . 2 1 Launcher . | . . . Special Weapon . | . . . Impact Weapon . | . . . Slashing Weapon . | . . . Piercing Weapon . | . . . Special Melee Weapon . | . . . Unidentified Prototypes . | . . . Parts Lost 5 | . 5 . Power 1 | . 1 . Propulsion 2 | . 2 . Utility 1 | . 1 . Weapon 1 | . 1 . Highest Loss Streak 2 | . 2 . To Critical Strikes . | . . . Average Slot Usage (%) 90 | . 87 99 Engine 13 | . 13 14 Leg 27 | . 27 28 Storage 14 | . 14 14 Processor 3 | . . 13 Protection 2 | . 3 . Energy Gun 1 | . 1 . Ballistic Gun 14 | . 18 . Ballistic Cannon 12 | . 7 28 Naked Turns . | . . . Heaviest Build 31 | 12 30 31 Greatest Support 20 | 20 20 20 Greatest Overweight (x) 2 | . 2 1 Average Overweight (x) . | . . 1 Largest Inventory Capacity 15 | 8 15 15 Average Capacity 14 | 6 14 15 Most Carried 15 | 5 15 15 Average Carried 10 | 2 9 14 Final Capacity 15 | 8 15 15 Final Carried 15 | 2 15 15 Class Distribution -------------------- 100% | Mutant Dominant Class ---------------- Mutant | -10/Materials Mutant | -10/Mines Resources | -11 -10 -10 ----------- Run | Jun Mat Min Matter Collected 801 | 182 543 76 Remotely . | . . . Salvage Created 705 | . 601 104 Parts 51 | . 44 7 Haulers Intercepted 1 | . 1 . Recyclers Shooed 1 | . 1 . Parts Field Recycled . | . . . Retrieved Matter . | . . . Parts Self-Destructed . | . . . Prevented . | . . . Kills | -11 -10 -10 ------- Run | Jun Mat Min Combat Hostiles Destroyed 19 | . 14 5 Guns 11 | . 11 . Cannons 7 | . 2 5 AOE 1 | . 1 . Classes Destroyed 6 | . 6 . Worker 1 | . 1 . Hauler 1 | . 1 . Recycler 1 | . 1 . Watcher 2 | . 2 . Swarmer 5 | . 3 2 Grunt 14 | . 11 3 Best Kill Streak 6 | . 6 2 Combat Bots Only 4 | . 4 2 Max Kills in Single Turn 1 | . 1 1 Gunslinging . | . . . Exploded 1 | . 1 . Melee . | . . . Uniques/NPCs Destroyed . | . . . Combat | -11 -10 -10 -------- Run | Jun Mat Min Damage Taken 1062 | . 901 161 Core 254 | . 151 103 Absorbed by Shields . | . . . Core Remaining (%) 100 | 100 . . Volleys Fired 78 | . 69 9 Largest 2 | . 2 2 Hottest 79 | . 70 79 Shots Fired 156 | . 138 18 Gun 116 | . 116 . Cannon 40 | . 22 18 Launcher . | . . . Special . | . . . Kinetic 151 | . 133 18 Thermal . | . . . Explosive . | . . . Electromagnetic 5 | . 5 . Robot Hit Streak 7 | . 7 4 Robot Miss Streak 5 | . 5 2 Penetration Max . | . . . Secondary Targets 2 | . 2 . Max Gunslinging Chain 1 | . 1 . Shots Hit Robots 93 | . 83 10 Core Hits 39 | . 33 6 Critical Kills . | . . . Critical Parts Destroyed . | . . . Critical Strikes 3 | . 3 . Blast 3 | . 3 . Melee Attacks . | . . . Impact . | . . . Slashing . | . . . Piercing . | . . . Sneak Attacks . | . . . Combat Hostiles . | . . . Follow-up Attacks . | . . . Damage Inflicted 1533 | . 1307 226 Guns 947 | . 947 . Cannons 484 | . 258 226 Explosions 99 | . 99 . Melee . | . . . Ramming 3 | . 3 . Kinetic 1357 | . 1131 226 Thermal 99 | . 99 . Explosive . | . . . Electromagnetic 74 | . 74 . Impact . | . . . Slashing . | . . . Piercing . | . . . Highest Corruption . | . . . Average Corruption . | . . . Corruption Purged . | . . . Corruption Blocked . | . . . Overload Shots . | . . . Overflow Damage . | . . . Projectiles . | . . . Explosions . | . . . Melee . | . . . Knockbacks 3 | . 1 2 Impact . | . . . Kinetic 3 | . 1 2 Secondary . | . . . Self-Inflicted Damage . | . . . Shots . | . . . Rammed . | . . . Targets Rammed 1 | . 1 . Kicked 1 | . 1 . Crushed . | . . . Highest Temperature 96 | . 75 96 Average Temperature 22 | . 15 41 Received Heat Transfer 507 | . 435 72 Siege Activations . | . . . Robots Corrupted . | . . . Combat Hostiles . | . . . Parts Fried . | . . . Impact Corruptions . | . . . Robots Melted . | . . . Combat Hostiles . | . . . Parts Melted . | . . . Heat Transferred 50 | . 50 . Parts Sabotaged . | . . . Parts Stolen . | . . . Parts Stripped . | . . . Power Chain Reactions . | . . . Missiles Intercepted . | . . . Alert | -11 -10 -10 ------- Run | Jun Mat Min Peak Influence 220 | . 220 123 Initial 42 | . . 42 Average 85 | . 97 54 Maximum Alert Level 1 | . 1 . Low Security (%) 95 | 100 93 100 Level 1 4 | . 6 . Level 2 . | . . . Level 3 . | . . . Level 4 . | . . . Level 5 . | . . . High Security . | . . . Max Security . | . . . Squads Dispatched 6 | . 4 2 Investigation 3 | . 1 2 Extermination . | . . . Reinforcement 3 | . 3 . Assault . | . . . Garrison . | . . . Intercept . | . . . Searches Triggered . | . . . Construction Impeded . | . . . Haulers Reinforced . | . . . Active Scanning Responses . | . . . Cargo Convoy Interrupts . | . . . Stealth | -11 -10 -10 --------- Run | Jun Mat Min Distress Signals 2 | . 2 . Communications Jammed . | . . . Distress Signals . | . . . Times Spotted 34 | . 27 7 Peak Tracking Total 3 | . 3 3 Tactical Retreats 4 | . 3 1 Traps | -11 -10 -10 ------- Run | Jun Mat Min Traps Triggered 1 | . 1 . Indirectly . | . . . Trap Hack Attempts . | . . . Triggered . | . . . Disarmed . | . . . Reprogrammed . | . . . Reused . | . . . Traps Extracted . | . . . Installed . | . . . Triggered . | . . . Machines | -11 -10 -10 ---------- Run | Jun Mat Min Machines Disabled 2 | . 2 . Max in Single Turn 2 | . 2 . Machines Repaired . | . . . Machines Sabotaged . | . . . Overloaded Fab Kills . | . . . Hacking | -11 -10 -10 --------- Run | Jun Mat Min Machines Accessed 7 | . 5 2 Terminals 5 | . 4 1 Fabricators . | . . . Repair Stations 1 | . 1 . Recycling Units . | . . . Scanalyzers . | . . . Garrison Access . | . . . Total Hacks 20 | . 16 4 Successful 2 | . 1 1 Failed 18 | . 15 3 Catastrophic 5 | . 4 1 Database Lockouts . | . . . Manual 15 | . 12 3 Terminals 17 | . 14 3 Fabricators . | . . . Repair Stations 2 | . 2 . Recycling Units . | . . . Scanalyzers . | . . . Garrison Access . | . . . Terminal Hacks 1 | . . 1 Open Door 1 | . . 1 Fabricator Hacks . | . . . Repair Station Hacks 1 | . 1 . Scan Component 1 | . 1 . Recycling Unit Hacks . | . . . Scanalyzer . | . . . Garrison Access Hacks . | . . . Unauthorized Hacks . | . . . Terminals . | . . . Fabricators . | . . . Repair Stations . | . . . Recycling Units . | . . . Scanalyzers . | . . . Garrison Access . | . . . Data Cores Recovered . | . . . Used . | . . . Hacking Detections 6 | . 5 1 Full Trace Events 1 | . . 1 Feedback Events . | . . . Feedback Blocked . | . . . Robot Schematics Acquired . | . . . Robots Built . | . . . Authchips . | . . . Time . | . . . Total Robot Build Rating . | . . . Part Schematics Acquired . | . . . Parts Built . | . . . Authchips . | . . . Time . | . . . Total Part Build Rating . | . . . Parts Repaired . | . . . Time . | . . . Parts Recycled . | . . . Recycled Matter . | . . . Retrieved Matter . | . . . Retrieved Components . | . . . Parts Scanalyzed . | . . . Part Schematics Acquired . | . . . Parts Damaged . | . . . Bothacking | -11 -10 -10 ------------ Run | Jun Mat Min Used RIF Installer . | . . . Robots Hacked . | . . . Non-combat . | . . . Combat . | . . . Robot Hacks Applied . | . . . Relay Couplers Released . | . . . Fabnet Peak Effective % . | . . . Robots Rewired . | . . . Allies Hacked . | . . . Hacks Repelled . | . . . Allies | -11 -10 -10 -------- Run | Jun Mat Min Total Allies . | . . . Largest Group . | . . . Highest-Rated Group . | . . . Highest-Rated Ally . | . . . Total Orders . | . . . Ally Attacks . | . . . Total Damage . | . . . Kills . | . . . Allies Corrupted . | . . . Allies Melted . | . . . Intel | -11 -10 -10 ------- Run | Jun Mat Min Robot Analysis Total . | . . . Derelict Logs Recovered 1 | . . 1 Drone Launches . | . . . Drone Recoveries . | . . . Exploration | -11 -10 -10 ------------- Run | Jun Mat Min Turns Passed 2004 | 45 1499 460 Spaces Moved 923 | 39 670 214 Core 20 | 20 . . Treads . | . . . Legs 903 | 19 670 214 Wheels . | . . . Hover . | . . . Flight . | . . . Fastest Speed 50 | 50 120 190 Average Speed 178 | 84 179 190 Slowest Speed 260 | 120 260 190 Overloaded Moves . | . . . Propulsion Burnouts . | . . . Robots Hopped . | . . . Cave-ins Triggered . | . . . Exploration Rate (%) 50 | 4 98 48 Regions Visited 2 Branch Regions 1 Pre-discovered Areas 1 | . . 1 Known Exits Taken . | . . . Unknown Exits Taken 2 | 1 1 . Scrap Searched . | . . . Spaces Dug . | . . . Terrain Destroyed 12 | . 10 2 Melee . | . . . Projectile 2 | . . 2 AOE 10 | . 10 . Terrain Rammed . | . . . Walls Destroyed . | . . . Machines Disabled . | . . . Actions | -11 -10 -10 --------- Run | Jun Mat Min Total 1124 | 49 823 252 Wait 62 | . 45 17 Move 921 | 38 669 214 Hop . | . . . Pick Up 30 | 5 22 3 Fast Attach 4 | 3 . 1 Attach 8 | 3 5 . Detach . | . . . Swap 12 | . 8 4 Drop 8 | . 4 4 Fire 78 | . 69 9 Melee . | . . . Ram . | . . . Kick 1 | . 1 . Crush . | . . . Escape Stasis . | . . . Rewire . | . . . Trap . | . . . Miscellaneous . | . . . Route ------- -11/Junkyard -10/Materials (discovered 5 exits: [*Mat x3] / *Min x2) -10/Mines History --------- Turn | Location | Event 15 | -11/Junkyard | Discovered new exit (range 15) 46 | -11/Junkyard | Entered Materials 307 | -10/Materials | Build established: Mutant 311 | -10/Materials | Discovered new exit (range 8) 404 | -10/Materials | Discovered new exit (range 16) 699 | -10/Materials | Discovered new exit (range 16) 933 | -10/Materials | Discovered new exit (range 12) 1153 | -10/Materials | Core integrity fell below 50% 1388 | -10/Materials | Discovered new exit (range 16) 1545 | -10/Materials | Entered Mines 1554 | -10/Mines | Met a Derelict shopkeep closing up shop 1808 | -10/Mines | Core integrity fell below 20% 1845 | -10/Mines | Learned location of Zion (-6) 2005 | -10/Mines | Destroyed by S-10 Pest with Light Assault Rifle Last Messages --------------- 01825_ Dropped Aluminum Leg. 01835_ Acquired Aluminum Leg. 01836_ Acquired 3 matter. 01837_ R-06 Scavenger collects Imp. Heat Sink. 01842_ Acquired 8 matter. 01842_ R-06 Scavenger collects Sml. Laser. 01845_ Acquired derelict log, extracted data. World map updated: -6/Zion. 01846_ R-06 Scavenger collects Aluminum Leg. 01855_ Connecting with Terminal... 01855_ ALERT: Suspicious activity at Terminal M001. Dispatching Investigation squad. 01888_ T-07 Excavator is excavating. 01921_ G-34 Mercenary destroyed. 01945_ Acquired 28 matter. 01949_ Dropped Aluminum Leg. 01992_ S-10 Pest destroyed. 02001_ Acquired 6 matter. 02003_ Acquired 1 matter. 02005_ S-10 Pest knocked back. Map ----- +----------------------------------------------------+ | ?????????????????????????????????????????????????? | | ?????????????????????????????????????????????????? | | ?????????????????????????????????????????????????? | | ?????????????????????????????????????????????????? | | ????????????????????????????? ??????????????????? | | ????????????##########??????? ??????????????????? | | ????????????# #??????? ??????????????????? | | ###?????????# """ #??????? ??????????????????? | | ##???????# """ #?????## ??????????????????? | | #####??## """ #?????# ??????????????????? | | # ##?#T #?????? ??????????????????? | | ?# #?## #?????? ??????????????????? | | ?## #??# #?????? ??????????????????? | | ??## #??## ######??????$ ??????????????????? | | ???# """ ##?## #??????????? ??????????????????? | | ??## """ ### #??????????? #??????????????????? | | ?## """ % ####????????# #??????????????????? | | ## * =########?# #??????????????????? | | # ### ##% ## ### #??????????????????? | | ##?#### ###### ## #??????????????????? | | ##?????# #????## #??????????????????? | | ##??????# #?????## ### #??????????????????? | | ##???????# #??????## ##### #??????????????????? | | ?????????# #???????## ##= #??????????????????? | | ?????????# #????????## ## %####??????????????????? | | ???####??# ########### ##@##?????????????????????? | | ??## #### ##%#??????????????????????? | | ?## ############## #??????????????????????? | | ## #????????????% ??????????????????????? | | #####???????????? ??????????????????????? | | ##??????????????? ??????????????????????? | | ##??????????????? s ??????????????????????? | | #####??????????? "?????????????????????? | | #?????????? "?????????????????????? | | #????????? "?????????????????????? | | #????????? ?????????????????????? | | ### ##????????##### #?????????????????????? | | ##??#####?????????????? #?????????????????????? | | #?????????????????????? ??????????????????????? | | ##?????????###########?? ??????????????????????? | | ##????####### #?? ??????????????????????? | | ##????##""## #?????????????????????????? | | #?????#"![ #X #?????????????????????????? | | ??????#"! #?????????????????????????? | | ??????#" #?????????????????????????? | | ??????#"]! # #?????????????????????????? | | ??????##""## #?????????????????????????? | | ???????####### #?????????????????????????? | | ?????????????# #?????????????????????????? | | ??####???????# #?????????????????????????? | +----------------------------------------------------+ Best States ------------- Heat Dissipation 25 Energy Generation 10 Energy Capacity 125 Matter Stores 300 Matter Capacity 300 Sight Range 16 Terrain Scan Density 10 Armor Coverage 150 Evasion (%) 55 Targeting Accuracy 8 Item Schematics ----------------- None Robot Schematics ------------------ None Fabricated ------------ Nothing Alien Tech Used ----------------- None Achievements -------------- None Challenges ------------ None Game ------ Seed StealthLinkedThruster Manual? 0 Play Time 00:11:40 Cumulative 42.4 hours Start 2023.10.10 @ 23:09:17 End 2023.10.10 @ 23:18:57 Sessions 1 Manual Loads 0 Difficulty Rogue Special Mode None Game No. 78 Rogue 75 Adventurer 3 Explorer 0 Win Type - Total 0 Types 0/0/0/0/0/0/0/0/0 Lore% 25 Gallery% 42 Achievement% 31 Wizard Run 0 Options --------- ASCII 0 Keyboard 0 Movement Mouse Keybinds 0 Fullscreen 2 Font 18/SmallcapsGlow Map View 76x50 Tactical HUD 1 Map Filters NONE Filters NONE Steam 1 RUN: d5613fa4-023f-46d7-bddc-5714db69ac97